 Dungeon Crawl Stone Soup version 0.28-a0-233-gb8ca4b6547 (webtiles) character file.

Game seed: 956114310376205491

187426 Anothat the Warrior (level 19, -3/151 HPs)
             Began as a Djinni Fire Elementalist on Aug 20, 2021.
             Was the Champion of Makhleb.
             Killed from afar by a manticore (13 damage)
             ... with a volley of spikes
             ... on level 4 of the Shoals on Aug 22, 2021.
             The game lasted 02:11:31 (35826 turns).

Anothat the Warrior (Djinni Fire Elementalist)     Turns: 35826, Time: 02:11:32

Health: -3/151     AC: 11    Str: 11    XL:     19   Next: 21%
Gold:   350        EV:  8    Int: 22    God:    Makhleb [******] SH:  0 Dex: 17

rFire   + + .      SeeInvis +   v - +8 falchion of Xaimahod {vorpal, +Blink rC+ Will+}
rCold   . . .      Faith    .   m - +0 kite shield {AC+3}
rNeg    . . .      Spirit   .   x - +2 robe {Archmagi}
rPois   ∞          Reflect  +   d - +1 hat {SInv}
rElec   .          Harm     .   c - +1 cloak {rCorr}
rCorr   +          Rampage  .   r - +0 pair of gloves {Stlth+}
Will    ++...      Archmagi +   (boots unavailable)
Stlth   +++.......              j - amulet of reflection
HPRegen 0.35/turn               b - +4 ring of slaying
MPRegen 0.00/turn               J - ring "Zatsiypi" {+Blink rCorr Str+4}

@: about to teleport, spiked, flying, held, studying 2 skills
A: sickness immunity, fire resistance 2, cold vulnerability 1, float, innate
caster, hp casting, extra vitality 1
a: Renounce Religion, Evoke Blink, Minor Destruction, Lesser Servant of Makhleb,
Major Destruction, Greater Servant of Makhleb


You were on level 4 of the Shoals.
You worshipped Makhleb.
Makhleb was exalted by your worship.
You visited 5 branches of the dungeon, and saw 27 of its levels.
You also visited: Bailey and Gauntlet.

You collected 2591 gold pieces.
You spent 2241 gold pieces at shops.

Inventory:

Hand Weapons
 v - the +8 falchion of Xaimahod (weapon) {vorpal, +Blink rC+ Will+}
   (You acquired it on level 1 of the Lair of Beasts)

   It inflicts extra damage upon your enemies.
   rC:        It protects you from cold.
   +Blink:    It lets you blink.
   Will:      It increases your willpower.
 L - the +6 long sword "Leteklok" {holy, rF++ Str-5}
   (You found it on level 7 of the Dungeon)

   It has been blessed by the Shining One to cause great damage to the undead
   and demons.
   Str:       It affects your strength (-5).
   rF:        It greatly protects you from fire.
Missiles
 S - 9 throwing nets
Armour
 c - a +1 cloak of preservation (worn)
 d - a +1 hat of see invisible (worn)
 h - a +1 robe of willpower
 l - a +2 robe of cold resistance
 m - a +0 kite shield of protection (worn)
 r - a +0 pair of gloves of stealth (worn)
 x - a +2 robe of the Archmagi (worn)
 B - the +2 robe "Ottuepn" {Rampage rN+ Str-3 Dex+9}
   (You found it on level 5 of the Dungeon)

   Str:       It affects your strength (-3).
   Dex:       It affects your dexterity (+9).
   rN:        It protects you from negative energy.
   Rampage:   It bestows one free step when moving towards enemies.
 E - a scarf of invisibility
Jewellery
 b - a +4 ring of slaying (left hand)
 f - a +6 ring of dexterity
 j - an amulet of reflection (around neck)
 p - an amulet of regeneration
 C - a ring of resist corrosion
 J - the ring "Zatsiypi" (right hand) {+Blink rCorr Str+4}
   (You found it in a Gauntlet)

   [ring of resist corrosion]

   Str:       It affects your strength (+4).
   +Blink:    It lets you blink.
   rCorr:     It protects you from acid and corrosion.
 U - the amulet "Cuidwubb" {Acrobat rC+ Will- Str+4}
   (You found it in a Gauntlet)

   [amulet of the acrobat]

   It increases your evasion while moving and waiting.
   Str:       It affects your strength (+4).
   rC:        It protects you from cold.
   Will:      It decreases your willpower.
 V - a ring of see invisible
Wands
 s - a wand of mindburst (6)
 u - a wand of paralysis (18)
 y - a wand of acid (19)
 H - a wand of flame (82)
 O - a wand of iceblast (43)
 P - a wand of charming (17)
 Q - a wand of polymorph (10)
Scrolls
 e - 8 scrolls of enchant armour
 g - 5 scrolls of immolation
 o - a scroll of summoning
 q - 10 scrolls of identify
 t - 4 scrolls of blinking
 G - 6 scrolls of enchant weapon
 M - a scroll of brand weapon
 N - 2 scrolls of fear
 T - 5 scrolls of fog
 X - 4 scrolls of teleportation
Potions
 a - 8 potions of lignification
 i - 7 potions of curing
 k - 6 potions of attraction
 n - 5 potions of might
 w - 5 potions of resistance
 z - 5 potions of mutation
 A - 2 potions of berserk rage
 D - 2 potions of heal wounds
 F - 3 potions of brilliance
 K - 2 potions of cancellation
 R - 4 potions of haste
 Z - 6 potions of ambrosia
Miscellaneous
 Y - a condenser vane


   Skills:
 + Level 18.4 Fighting
 - Level 9.1 Long Blades
 - Level 8.0 Dodging
 - Level 2.0 Stealth
 * Level 10.9 Shields
 + Level 14.5 Spellcasting


You couldn't memorise any spells.
You knew the following spells:

 Your Spells              Type           Power      Damage    Failure   Level
a - Foxfire               Conj/Fire      100%       2x1d9     0%          1
b - Conjure Flame         Conj/Fire      88%        6-21      1%          3
c - Inner Flame           Hex/Fire       88%        N/A       1%          3
d - Sticky Flame          Conj/Fire      88%        2d10      1%          4
e - Fireball              Conj/Fire      44%        3d18      1%          5
f - Sting                 Tmut/Pois      100%       1d8       0%          1
g - Slow                  Hex            88%        N/A       1%          2
h - Gell's Gravitas       Tloc           44%        N/A       1%          3
i - Confusing Touch       Hex            88%        N/A       1%          3
j - Leda's Liquefaction   Hex/Erth       44%        N/A       1%          4
k - Silence               Hex/Air        44%        N/A       1%          5
l - Death Channel         Necr           44%        N/A       2%          6
m - Dispersal             Tloc           44%        N/A       2%          6
n - Statue Form           Tmut/Erth      58%        N/A       2%          6
Your spell library was empty.

Dungeon Overview and Level Annotations

Branches:
Dungeon (14/15)            Temple (1/1) D:6            Lair (6/6) D:8
 Shoals (4/4) Lair:2       Spider (0/4) Lair:3        Slime (0/5) Lair:6
    Orc (2/2) D:9             Elf (0/3) Orc:2        Vaults (0/5) D:13
 Bailey (visited)         Gauntlet (visited)

Altars:
Ashenzari
Cheibriados
Dithmenos
Elyvilon
Fedhas
Gozag
Hepliaklqana
Kikubaaqudgha
Makhleb
Nemelex Xobeh
Okawaru
Qazlal
Ru
Sif Muna
Trog
Uskayaw
Vehumet
Wu Jian
Xom
Yredelemnul
Zin
The Shining One
Beogh

Shops:
Orc:2 !*[*   Shoals:2 (=:(!

Portals:
Trove: D:11 (give 11 potions of heal wounds)


Innate Abilities, Weirdness & Mutations

You are immune to sickness and miasma.
You are immune to poison.
Your flesh is very heat resistant. (rF++)
You are vulnerable to cold. (rC-)
You float through the air rather than walking.
You learn spells naturally, not from books.
Your magical power is your life essence.
You have superior vitality. (+4 HP)


Message History

You hear a screech!
The merfolk javelineer throws a silver javelin.
The silver javelin pierces through you!!
The manticore flicks its tail.
The volley of spikes reflects off an invisible shield around you!
The volley of spikes hits the manticore but does no damage.
A manticore comes into view.
The barbs in your skin will harm you if you move.
Continue?
The merfolk javelineer throws a silver javelin.
The silver javelin pierces through you!
The merfolk throws a boomerang.
You reflect the boomerang off an invisible shield around you!
The boomerang hits the merfolk!
The manticore flicks its tail.
The volley of spikes reflects off an invisible shield around you!
The volley of spikes hits the manticore!
You kill the manticore!
Makhleb accepts your kill.
You feel better.
The merfolk throws a throwing net.
The throwing net hits you.
You become entangled in the net!
You stop ascending the stairs.
As you read the scroll of teleportation, it crumbles to dust.
You feel strangely unstable.
The merfolk javelineer throws a silver javelin.
The silver javelin pierces through you!
* * * LOW HITPOINT WARNING * * *
x2 A manticore comes into view.
The merfolk javelineer throws a javelin.
The javelin pierces through you!!
* * * LOW HITPOINT WARNING * * *
You feel much better.
The merfolk javelineer throws a silver javelin.
The silver javelin pierces through you!
* * * LOW HITPOINT WARNING * * *
x2 The merfolk javelineer throws a javelin.
The javelin pierces through you!!
* * * LOW HITPOINT WARNING * * *
A snapping turtle comes into view.
The manticore flicks its tail.
The volley of spikes hits you!
The barbed spikes become lodged in your body.
You die...

## ###≈.....≈.
##≈##≈≈......≈.
.........H...≈.
....[........≈.
.............≈.
.............≈.
...............
.....m.@......m
...............
......).m)†...m
...............≈≈≈≈≈≈≈≈m
..#######m.....≈≈≈≈≈≈≈≈≈
. #......≈≈...≈≈≈≈
#######=H....≈..P..)≈≈
..#.≈.....t..≈..(...§§
≈..≈≈...≈≈≈§≈mm....)§≈


You could see a merfolk impaler, 2 merfolk javelineers, a snapping turtle, 2
merfolk and 2 manticores.

Vanquished Creatures
  Polyphemus (Shoals:3)
  A kraken (Shoals:3)
  Gastronok (Lair:3)
  An orc warlord (Bailey)
  A minotaur (Gauntlet)
  Josephine (D:10)
  3 merfolk impalers
  Fannar (D:10)
  Harold (D:10)
  A boulder beetle (Lair:6)
  9 hydras
  2 death knights (D:13)
  A merfolk aquamancer (Shoals:3)
  2 satyrs
  A merfolk avatar (Shoals:3)
  A catoblepas (Shoals:3)
  3 centaur warriors
  6 two-headed ogres
  Erica (D:8)
  7 death yaks
  Urug (Lair:1)
  3 orc high priests (Orc:2)
  Nergalle (D:10)
  A fire crab (D:14)
  Sonja (Lair:3)
  12 sea snakes
  A lindwurm (Lair:6)
  2 necromancers
  14 fauns
  6 ugly things
  5 orc sorcerers (Orc:2)
  9 orc knights
  3 deep elf pyromancers
  A cyclops (Orc:1)
  15 manticores
  19 elephants
  8 merfolk sirens
  Joseph (Lair:1)
  4 water nymphs
  8 black mambas
  5 gargoyles
  14 cane toads
  A kobold demonologist (D:10)
  A rime drake (Lair:5)
  3 freezing wraiths (D:13)
  4 komodo dragons
  A queen bee (Lair:2)
  9 trolls
  3 wind drakes
  5 polar bears
  12 blink frogs
  29 merfolk
  2 jumping spiders (Lair:3)
  6 slime creatures (D:13)
  6 snapping turtles
  Sigmund (D:4)
  4 wyverns
  7 shadows
  10 water elementals
  26 yaks
  A redback (Lair:3)
  6 wraiths
  3 basilisks
  A steam dragon (D:9)
  A warg (Orc:1)
  2 vampire mosquitoes (D:12)
  An acid dragon (D:10)
  2 swamp worms (Gauntlet)
  20 water moccasins
  3 black bears
  4 sky beasts
  Duvessa (D:5)
  3 ice beasts
  35 orc warriors
  5 necrophages
  3 ogres (Orc:2)
  4 centaurs
  27 wolves
  2 phantoms (D:6)
  2 kobold brigands
  10 bullfrogs
  5 scorpions
  3 gnoll sergeants
  Dowan (D:5)
  A wyvern skeleton (D:7)
  32 killer bees
  12 wights
  6 howler monkeys
  2 electric eels (D:8)
  A bullfrog zombie (D:6)
  9 centaur zombies
  5 jellies
  4 bullfrog skeletons
  19 orc priests
  A centaur skeleton (D:5)
  5 hounds
  3 iguanas
  20 orc wizards
  A killer bee zombie (D:6)
  2 hound zombies (D:5)
  A hound skeleton (D:4)
  A howler monkey zombie (D:9)
  Robin (D:4)
  6 adders
  36 gnolls
  A shadow imp (D:7)
  3 ufetubi
  An adder skeleton (D:5)
  4 worms
  3 dart slugs
  71 orcs
  9 ball pythons
  9 endoplasms
  6 giant cockroaches
  55 goblins
  53 hobgoblins
  18 kobolds
  7 quokkas
  8 bats
  3 frilled lizards
  A quokka skeleton (D:4)
  A rat (D:1)
  A bush (Lair:2)
  A tentacle (Shoals:3)
877 creatures vanquished.

Vanquished Creatures (collateral kills)
  A hydra (Lair:3)
  A catoblepas (Lair:6)
  A deep troll shaman (Lair:6)
  2 death yaks (Lair:6)
  2 trolls (Orc:1)
  A blink frog (Lair:3)
  An orc warrior (Bailey)
  An ogre (Orc:1)
  A wolf (Lair:3)
  An orc wizard (Orc:1)
  2 goblins
  3 foxfires
17 creatures vanquished.

Vanquished Creatures (others)
  A cane toad (Lair:6)
  1429 foxfires
  39 fungi
  63 plants
  9 tentacles (Shoals:3)
  3 withered plants (D:9)
1544 creatures vanquished.

Grand Total: 2438 creatures vanquished

Notes
Turn   | Place    | Note
-------+----------+-------------------------------------------
     0 | D:1      | Anothat the Djinni Fire Elementalist began the quest for
                  | the Orb.
     0 | D:1      | Reached XP level 1. HP: 15/15 MP: 0/0
   468 | D:1      | Reached XP level 2. HP: 18/21 MP: 0/0
  1142 | D:1      | Reached XP level 3. HP: 15/26 MP: 0/0
  1142 | D:1      | Learned a level 1 spell: Sting
  1471 | D:1      | Reached skill level 1 in Fighting
  1792 | D:2      | Reached XP level 4. HP: 31/32 MP: 0/0
  2105 | D:2      | Reached skill level 2 in Fighting
  2244 | D:2      | Reached XP level 5. HP: 10/39 MP: 0/0
  2244 | D:2      | Learned a level 2 spell: Slow
  3712 | D:3      | HP: 2/40 [orc priest/nerve-wracking pain (11)]
  3714 | D:3      | Reached skill level 3 in Fighting
  4295 | D:3      | Reached XP level 6. HP: 43/46 MP: 0/0
  4522 | D:3      | Found a broken altar of Ashenzari.
  4605 | D:3      | Found a faded altar of an unknown god.
  4605 | D:3      | Noticed a great orb of eyes
  4614 | D:3      | Noticed a great orb of eyes
  4618 | D:3      | Noticed a floating eye
  4629 | D:3      | Noticed a golden eye
  6344 | D:3      | Reached skill level 4 in Fighting
  6930 | D:3      | You are sucked into a shaft and drop 1 floor!
  7152 | D:4      | Reached XP level 7. HP: 19/52 MP: 0/0
  7152 | D:4      | Learned a level 3 spell: Gell's Gravitas
  7782 | D:4      | Found a shadowy altar of Dithmenos.
  7828 | D:4      | Noticed Sigmund
  7840 | D:4      | Killed Sigmund
  7841 | D:4      | Reached skill level 5 in Fighting
  8074 | D:4      | Reached skill level 5 in Spellcasting
  8171 | D:4      | Noticed Robin
  8194 | D:4      | Killed Robin
  8195 | D:4      | Reached XP level 8. HP: 33/59 MP: 0/0
  9335 | D:5      | Entered Level 5 of the Dungeon
  9757 | D:5      | Noticed Duvessa
  9757 | D:5      | Noticed Dowan
  9793 | D:5      | Killed Duvessa
  9794 | D:5      | Reached skill level 6 in Fighting
  9805 | D:5      | Killed Dowan
 10410 | D:5      | Reached skill level 7 in Fighting
 10746 | D:5      | Identified the +2 robe "Ottuepn" {Rampage rN+ Str-3 Dex+9}
 10777 | D:5      | Reached XP level 9. HP: 66/68 MP: 0/0
 10777 | D:5      | Learned a level 3 spell: Confusing Touch
 10905 | D:5      | Found an ornate altar of the Wu Jian Council.
 11436 | D:6      | Reached skill level 8 in Fighting
 12169 | D:6      | Found a staircase to the Ecumenical Temple.
 12409 | D:7      | Reached skill level 9 in Fighting
 12409 | D:7      | Reached XP level 10. HP: 54/78 MP: 0/0
 12463 | Temple   | Entered the Ecumenical Temple
 13384 | D:7      | Identified the +6 long sword "Leteklok" {holy, rF++ Str-5}
 13501 | D:8      | Reached skill level 10 in Fighting
 13507 | D:8      | Noticed a six-headed hydra
 13515 | D:8      | Killed a six-headed hydra
 13747 | D:8      | Noticed Erica
 13765 | D:8      | Killed Erica
 13766 | D:8      | Reached XP level 11. HP: 57/86 MP: 0/0
 13766 | D:8      | Learned a level 4 spell: Leda's Liquefaction
 13769 | D:8      | Reached skill level 11 in Fighting
 14020 | D:8      | Found a staircase to the Lair.
 15128 | D:9      | Noticed a two-headed ogre
 15150 | D:9      | Killed a two-headed ogre
 15407 | D:9      | Found a burning altar of Makhleb.
 15461 | D:9      | Became a worshipper of Makhleb the Destroyer
 15645 | D:9      | Found a staircase to the Orcish Mines.
 15735 | D:9      | Found a glowing silver altar of Zin.
 16071 | D:9      | Upgraded the game from 0.28-a0-206-gc2c9e32840 to
                  | 0.28-a0-233-gb8ca4b6547
 16092 | D:10     | Entered Level 10 of the Dungeon
 16135 | D:10     | Noticed Harold
 16156 | D:10     | Killed Harold
 16157 | D:10     | Reached skill level 12 in Fighting
 16157 | D:10     | Reached skill level 10 in Spellcasting
 16303 | D:10     | Found a stormy altar of Qazlal.
 16366 | D:10     | Noticed Josephine
 16372 | D:10     | Killed Josephine
 16373 | D:10     | Reached skill level 1 in Long Blades
 16527 | D:10     | Reached XP level 12. HP: 77/96 MP: 0/0
 16856 | D:10     | Noticed a two-headed ogre
 16861 | D:10     | Killed a two-headed ogre
 16865 | D:10     | Identified the +6 trident "Jugaffuc" {venom, Dex+4}
 16866 | D:10     | Noticed Nergalle
 16869 | D:10     | Killed Nergalle
 16871 | D:10     | HP: 2/96 [gargoyle/stone arrow (24)]
 17087 | D:10     | Identified the +1 robe of the World {Int+7 Dex+3}
 17182 | D:10     | Reached skill level 13 in Fighting
 17239 | D:10     | Reached * piety under Makhleb
 17611 | D:10     | Noticed Fannar
 17615 | D:10     | Killed Fannar
 17742 | Lair:1   | Entered Level 1 of the Lair of Beasts
 17767 | Lair:1   | You are sucked into a shaft and drop 1 floor!
 17861 | Lair:1   | Noticed Joseph
 17862 | Lair:1   | Noticed a five-headed hydra
 17866 | Lair:1   | Reached skill level 5 in Long Blades
 17869 | Lair:1   | Killed a five-headed hydra
 17870 | Lair:1   | Killed Joseph
 17943 | Lair:1   | Noticed Urug
 17951 | Lair:1   | Killed Urug
 17952 | Lair:1   | Reached XP level 13. HP: 70/103 MP: 0/0
 17952 | Lair:1   | Learned a level 5 spell: Silence
 17974 | Lair:1   | Noticed an eight-headed hydra
 17981 | Lair:1   | Killed an eight-headed hydra
 18661 | Lair:1   | Identified a scroll of acquirement
 18661 | Lair:1   | Acquired the +8 falchion of Xaimahod {vorpal, +Blink rC+
                  | Will+}
 19004 | Lair:2   | Found a staircase to the Shoals.
 19053 | Lair:2   | Reached ** piety under Makhleb
 19649 | Lair:2   | Found a glowing silver altar of Zin.
 19998 | Lair:3   | Noticed Gastronok
 20007 | Lair:3   | Killed Gastronok
 20008 | Lair:3   | Reached skill level 14 in Fighting
 20185 | Lair:3   | Noticed a six-headed hydra
 20195 | Lair:3   | Killed a six-headed hydra
 20375 | Lair:3   | Found a hole to the Spider Nest.
 20413 | Lair:3   | Noticed a five-headed hydra
 20421 | Lair:3   | Killed a five-headed hydra
 20646 | Lair:3   | Noticed Sonja
 20657 | Lair:3   | Killed Sonja
 20658 | Lair:3   | Reached skill level 5 in Dodging
 20862 | Lair:3   | Reached *** piety under Makhleb
 20974 | Lair:3   | Reached XP level 14. HP: 109/112 MP: 0/0
 21580 | Lair:4   | Identified the +7 hunting sling of the Unkillable {venom,
                  | rElec MP+9}
 22947 | Lair:5   | Reached **** piety under Makhleb
 22948 | Lair:5   | Reached skill level 15 in Fighting
 23772 | Lair:6   | Entered Level 6 of the Lair of Beasts
 24147 | Lair:6   | Found a staircase to the Slime Pits.
 24887 | Lair:6   | Reached XP level 15. HP: 119/120 MP: 0/0
 24887 | Lair:6   | Learned a level 6 spell: Death Channel
 24983 | Lair:6   | Reached ***** piety under Makhleb
 25588 | Orc:1    | Entered Level 1 of the Orcish Mines
 25588 | Orc:1    | Found a flagged portal.
 25777 | Orc:1    | Found a bloodstained altar of Trog.
 25836 | Bailey   | Entered a bailey
 25954 | Bailey   | Noticed an orc warlord
 25961 | Bailey   | Killed an orc warlord
 26139 | Bailey   | Reached skill level 16 in Fighting
 26139 | Bailey   | Reached XP level 16. HP: 128/128 MP: 0/0
 26140 | Bailey   | Acquired a +0 pair of gloves of stealth
 26715 | Orc:2    | Entered Level 2 of the Orcish Mines
 26912 | Orc:2    | Reached ****** piety under Makhleb
 27413 | Orc:2    | Found a staircase to the Elven Halls.
 27662 | Orc:2    | Found Ivacsucu's Distillery.
 27666 | Orc:2    | Found Hoehal's Assorted Antiques.
 27671 | Orc:2    | Found Jori's Armour Shoppe.
 27673 | Orc:2    | Found Xohenuim's Assorted Antiques.
 27713 | Orc:2    | Bought a scroll of teleportation for 114 gold pieces
 27721 | Orc:2    | Bought a +2 robe of the Archmagi for 640 gold pieces
 27721 | Orc:2    | Bought a +0 kite shield of protection for 195 gold pieces
 27749 | Orc:2    | Bought a scroll of teleportation for 102 gold pieces
 27749 | Orc:2    | Bought a potion of heal wounds for 170 gold pieces
 27992 | D:11     | Found a portal to a secret trove of treasure.
 28097 | D:11     | Found a gate leading to a gauntlet.
 28107 | D:11     | Reached skill level 1 in Shields
 28141 | Gauntlet | Entered a Gauntlet
 28141 | Gauntlet | Found a transporter.
 28141 | Gauntlet | Found a transporter.
 28143 | Gauntlet | Found a transporter.
 28143 | Gauntlet | Found a transporter.
 28147 | Gauntlet | Found a transporter.
 28154 | Gauntlet | Found a transporter.
 28181 | Gauntlet | Found a runed translucent door.
 28181 | Gauntlet | Found a runed translucent door.
 28185 | Gauntlet | Found a transporter.
 28189 | Gauntlet | Found a transporter.
 28200 | Gauntlet | Found a transporter.
 28216 | Gauntlet | Found a transporter.
 28231 | Gauntlet | Found a transporter.
 28235 | Gauntlet | Found a transporter.
 28237 | Gauntlet | Found a runed translucent gate.
 28237 | Gauntlet | Found a runed translucent gate.
 28237 | Gauntlet | Found a runed translucent gate.
 28419 | Gauntlet | Identified the ring "Zatsiypi" {+Blink rCorr Str+4}
 28471 | Gauntlet | Identified the amulet "Cuidwubb" {Acrobat rC+ Will- Str+4}
 29455 | D:12     | Found a white marble altar of Elyvilon.
 29676 | D:13     | Reached XP level 17. HP: 130/135 MP: 0/0
 29676 | D:13     | Learned a level 6 spell: Dispersal
 29818 | D:13     | Reached skill level 5 in Shields
 30109 | D:13     | Found a gate to the Vaults.
 31061 | Shoals:1 | Entered Level 1 of the Shoals
 31078 | Shoals:1 | Reached skill level 17 in Fighting
 32229 | Shoals:2 | Found Pokecywe's Weapon Boutique.
 32441 | Shoals:2 | Found Viadwiba's Book Emporium.
 32452 | Shoals:2 | Bought a manual of Fighting for 960 gold pieces
 32463 | Shoals:2 | Reached XP level 18. HP: 143/143 MP: 0/0
 32496 | Shoals:2 | Found Nuellax's Jewellery Shoppe.
 32650 | Shoals:2 | Found Ozayromi's Antique Weapon Shoppe.
 32721 | Shoals:2 | Found Gylang's Distillery.
 32808 | Shoals:2 | Bought a potion of heal wounds for 60 gold pieces
 33859 | Shoals:3 | Noticed a kraken
 34071 | Shoals:3 | Reached skill level 18 in Fighting
 34081 | Shoals:3 | Noticed Polyphemus
 34431 | Shoals:3 | Reached skill level 10 in Shields
 34515 | Shoals:3 | Killed Polyphemus
 34714 | Shoals:3 | Reached XP level 19. HP: 117/150 MP: 0/0
 34714 | Shoals:3 | Learned a level 6 spell: Statue Form
 35413 | Shoals:4 | Entered Level 4 of the Shoals
 35826 | Shoals:4 | Killed from afar by a manticore

Illustrated notes

Levels and vault maps discovered:
D:1:      tarquinn_simple_flora_water_a, layout_basic
D:2:      layout_rooms
D:3:      minmay_goblin_kobold_castle, layout_basic,
          ashenzari_conservatory_becter, hellmonk_ecumenical_altar_watching_god
D:4:      layout_basic, nicolae_dithmenos_shadow_blocks, kennysheep_flooded_box,
          uniq_sigmund, uniq_robin
D:5:      layout_loops_ring, lemuel_coloured_pillars_altar, grunt_ministairs_13,
          uniq_duvessa
D:6:      layout_basic, minmay_temple_entry_from_below_a, grunt_ministairs_13,
          minmay_crossroads
D:7:      minmay_clustersquares, layout_rooms
D:8:      layout_basic, erik_lair_island, serial_corexii_hall,
          corexii_hall_statues_deadend, corexii_hall_statues_i,
          chequers_hall_statues_wall_a, corexii_hall_statues_s,
          chequers_serial_rivers_micro_b, kennysheep_donut,
          chequers_serial_rivers_large_b, uniq_erica
D:9:      layout_basic, general_overflow_altar, lightli_temple_of_fire,
          serial_undead, serial_undead_a, serial_undead_b, serial_undead_a,
          serial_undead_b
D:10:     layout_basic, grunt_qazlal_sundering, minmay_misc_feat_tiny,
          kennysheep_kite_vault, uniq_fannar, uniq_nergalle, uniq_harold,
          uniq_josephine
D:11:     layout_small_grid, nicolae_trove_entry_columns, gauntlet_entry_generic
D:12:     layout_rooms, elyvilon_altar_5
D:13:     layout_cave_pods, david_vaults_1, minmay_diced_spiral
D:14:     layout_basic, lightli_airlock, uniq_jorgrun
Temple:   eino_temple_rhombus
Lair:1:   layout_loops_ring, serial_bayou_shore_b, serial_bayou_shore_b,
          uniq_joseph, uniq_urug
Lair:2:   layout_misc_corridors, elwin_shoals_entry_stream, special_room
          [special_room_bee], serial_forest, infiniplex_forest_corner_1,
          infiniplex_forest_clump_medium, infiniplex_forest_clump_diagonal,
          infiniplex_forest_lined_corner, infiniplex_forest_3_way,
          infiniplex_forest_lined_3, infiniplex_forest_lined_room_2, basic_altar
Lair:3:   layout_gridlike, spider_nest_entry_funnel_web, grunt_megastairs_2,
          lemuel_fruit_tree, uniq_sonja, uniq_gastronok
Lair:4:   layout_cave_pods, lemuel_fruit_fields
Lair:5:   layout_regular_city
Lair:6:   grunt_lair_end_beastmaster, layout_gridlike,
          nicolae_slime_entry_slimehenge, grunt_forest_small_clearings,
          grunt_megastairs_4
Shoals:1: layout_shoals
Shoals:2: layout_shoals, serial_shops, nicolae_stop_n_shop_2,
          nicolae_square_shop, nicolae_shop_behind_doors, shop, shop
Shoals:3: layout_shoals, nicolae_shoals_water_elemental_grotto, uniq_polyphemus
Shoals:4: shoals_end_grunt_ice, layout_shoals, nicolae_shoals_water_booths
Orc:1:    layout_diamond_mine, enter_bailey_5, basic_altar, serial_shops,
          nicolae_shop_stone, lemuel_statue_altar
Orc:2:    st_orc_elflike, layout_diamond_mine

Skill      XL: |  1  2  3  4  5  6  7  8  9 10 11 12 13 14 15 16 17 18 |
---------------+-------------------------------------------------------+-----
Stealth        | 2 |  2.0
Spellcasting   | 3 4 5 6 7 9 10 11 12 13 14 | 14.5
Fighting       | 1 2 3 4 5 7 9 10 12 13 14 15 16 17 18 | 18.4
Long Blades    | 2 5 6 8 9 |  9.1
Dodging        | 5 8 |  8.0
Shields        | 4 8 10 | 10.9

Action                   |  1- 3 |  4- 6 |  7- 9 | 10-12 | 13-15 | 16-18 | 19-21 || total
-------------------------+-------+-------+-------+-------+-------+-------+-------++-------
Melee: Falchion          |     2 |     6 |       |       |    80 |    49 |     2 ||   139
       Dagger            |       |     8 |    15 |       |       |       |       ||    23
       Long sword        |       |       |     5 |     7 |       |       |       ||    12
       Scimitar          |       |       |       |    17 |     2 |       |       ||    19
 Cast: Foxfire           |    60 |   192 |   275 |   159 |   111 |    62 |       ||   859
       Sting             |       |    46 |    70 |     2 |       |       |       ||   118
       Slow              |       |       |     2 |     9 |    14 |    15 |       ||    40
       Conjure Flame     |       |       |     1 |     8 |     7 |     3 |       ||    19
       Fireball          |       |       |       |   122 |   235 |   357 |    50 ||   764
       Inner Flame       |       |       |       |     7 |       |       |     1 ||     8
       Gell's Gravitas   |       |       |       |     2 |     1 |       |       ||     3
       Leda's Liquefacti |       |       |       |     1 |       |       |       ||     1
       Sticky Flame      |       |       |       |     6 |   142 |    75 |     4 ||   227
       Death Channel     |       |       |       |       |     5 |     2 |       ||     7
       Dispersal         |       |       |       |       |       |     1 |       ||     1
  Use: Potion            |       |     4 |     1 |     3 |     2 |     2 |     1 ||    13
       Scroll            |       |       |    12 |    11 |    12 |     5 |     1 ||    41
 Stab: Invisible         |       |       |       |     1 |       |       |       ||     1
Armor: Robe              |     1 |     5 |    19 |    31 |    62 |    38 |     2 ||   158
       Skin              |       |    17 |       |       |       |       |       ||    17
Dodge: Dodged            |     5 |    36 |    67 |    82 |   212 |    72 |     8 ||   482
Block: Other             |       |     7 |    26 |       |       |       |       ||    33
       Reflection        |       |     2 |       |       |       |    21 |    12 ||    35
       Kite shield       |       |       |       |       |       |    72 |    20 ||    92
       Rpst.: Falchion   |     1 |    12 |       |       |    60 |    12 |     1 ||    86
       Long sword        |       |       |     6 |    12 |       |       |       ||    18
       Scimitar          |       |       |       |    13 |       |       |       ||    13

Table legend: (Time is in decaauts)
 A = Elapsed time spent in this place.
 B = Non-inter-level travel time spent in this place.
 C = Inter-level travel time spent in this place.
 D = Time resting spent in this place.
 E = Time spent auto-exploring this place.
 F = Levels seen in this place.
 G = Mean time per level.
                   A        B        C        D        E       F      G
               +--------+--------+--------+--------+--------+-----+--------+
         Total |  35830 |  34387 |   1443 |  12891 |  14252 |  29 | 1235.5 |
       Dungeon |  20387 |  19426 |    961 |   8014 |   8239 |  14 | 1456.2 |
        Temple |    169 |    160 |      9 |      0 |    160 |   1 |  169.0 |
          Lair |   7857 |   7507 |    350 |   2226 |   3394 |   6 | 1309.5 |
        Shoals |   4764 |   4722 |     42 |   2070 |   1879 |   4 | 1191.0 |
  Orcish Mines |   1728 |   1648 |     80 |    421 |    481 |   2 |  864.0 |
        Bailey |    499 |    499 |      0 |    104 |     99 |   1 |  499.0 |
      Gauntlet |    423 |    423 |      0 |     56 |      0 |   1 |  423.0 |
               +--------+--------+--------+--------+--------+-----+--------+

Top non-repeatable levels by time:
     D:3: 2939 daAuts
     D:2: 2390 daAuts
     D:4: 2346 daAuts
Shoals:3: 2008 daAuts
     D:5: 1730 daAuts
     D:1: 1691 daAuts
     D:9: 1520 daAuts
    D:10: 1516 daAuts
Shoals:2: 1493 daAuts
  Lair:4: 1479 daAuts
  Lair:6: 1446 daAuts
     D:8: 1405 daAuts
  Lair:2: 1349 daAuts
     D:6: 1346 daAuts
  Lair:5: 1268 daAuts
